 Seeded DCSS version 0.29.1-1-gd02db6906a (webtiles) character file.

Game seed: 2387645567842811425 (custom seed)

63 lonewolfV2 the Shield-Bearer (level 4, 0/29 HPs)
             Began as a Gargoyle Fighter on Oct 18, 2022.
             Slain by a gnoll
             ... wielding a +1 spear of flaming
              (6 damage)
             ... on level 2 of the Dungeon.
             The game lasted 00:02:51 (1316 turns).

lonewolfV2 the Shield-Bearer (Gargoyle Fighter)     Turns: 1316, Time: 00:02:52

Health: 0/29       AC: 10    Str: 20    XL:     4   Next: 9%
Magic:  4/4        EV: 13    Int:  8    God:
Gold:   45         SH:  4    Dex: 11    Spells: 3/3 levels left

rFire   . . .      SeeInvis .   a - +1 flail
rCold   . . .      Faith    .   c - +0 buckler
rNeg    + . .      Spirit   .   b - +0 scale mail
rPois   ∞          Reflect  .   (no helmet)
rElec   +          Harm     .   (no cloak)
rCorr   .          Rampage  .   (no gloves)
Will    .....                   (no boots)
Stlth   ..........              (no amulet)
HPRegen 0.09/turn               i - +4 ring of evasion
MPRegen 0.09/turn               (no ring)

@: studying Shields
A: sickness immunity, AC +3, negative energy resistance 1, electricity
resistance, torment resistance 1, petrification resistance
a: no special abilities


You were on level 2 of the Dungeon.
You visited 1 branch of the dungeon, and saw 2 of its levels.

You collected 45 gold pieces.

Inventory:

Hand Weapons
 a - a +1 flail (weapon)
Armour
 b - a +0 scale mail (worn)
 c - a +0 buckler (worn)
Jewellery
 i - a +4 ring of evasion (left hand)
Scrolls
 e - a scroll of noise {unknown}
Potions
 d - a potion of might
 f - 3 potions of curing {unknown}
 h - a potion of magic {unknown}
 j - a potion of haste {unknown}


   Skills:
 + Level 3.8 Fighting
 + Level 2.7 Maces & Flails
 + Level 3.9 Armour
 + Level 4.0 Shields


You had 3 spell levels left.
You didn't know any spells.
Your spell library contained the following spells:

 Spells                   Type           Power      Damage    Failure   Level
 Gell's Gravitas          Tloc           0%         N/A       99%         3
 Lesser Beckoning         Tloc           0%         N/A       99%         3
 Teleport Other           Tloc           0%         N/A       99%         3


Dungeon Overview and Level Annotations

Branches:
Dungeon (2/15)

Altars:


Innate Abilities, Weirdness & Mutations

You are immune to sickness and miasma.
Your stone body is resilient. (AC +3)
You are immune to poison.
You resist negative energy. (rN+)
You are resistant to electric shocks. (rElec)
You are resistant to unholy torment.
You are immune to petrification.


Message History

You hit the gnoll but do no damage.
The gnoll is heavily wounded.
The gnoll barely misses you. You block the gnoll's attack.
Unknown command.
You closely miss the gnoll.
The gnoll is heavily wounded.
The gnoll hits you from afar with a +1 spear of flaming.
The gnoll burns you. You block the gnoll's attack.
The gnoll closely misses you.
You sock the gnoll!
You kill the gnoll!
The gnoll hits you but does no damage. The gnoll misses you.
You hit the gnoll.
The gnoll is moderately wounded.
The gnoll hits you but does no damage. The gnoll completely misses you.
You hit the gnoll.
The gnoll is severely wounded.
The gnoll completely misses you. The gnoll barely misses you.
You sock the gnoll!
You kill the gnoll!
You block the gnoll's attack. The gnoll closely misses you.
Your Shields skill increases to level 4!
You have reached level 4!
You feel stronger.
You hit the gnoll.
The gnoll is moderately wounded.
The gnoll misses you. x2
You barely miss the gnoll.
The gnoll is moderately wounded.
The gnoll barely misses you.
The gnoll hits you from afar with a +1 spear of flaming.
The gnoll burns you.
* * * LOW HITPOINT WARNING * * *
The gnoll hits you with a +0 club.
* * * LOW HITPOINT WARNING * * *
You sock the gnoll!
You kill the gnoll!
The gnoll hits you but does no damage.
The gnoll hits you from afar with a +1 spear of flaming.
You die...

... ...# ##..#
... ##### #..#
... #..# #..#
###
#..########
..#
#..........
#.##
#.#########
##g####.#
#..)@...#
#≈≈≈..########
##..g. ###.g
... #..~ #.~g
#..g


You could see a gnoll.

Vanquished Creatures
  4 gnolls
  A dart slug (D:1)
  2 ball pythons (D:1)
  4 endoplasms (D:1)
  2 giant cockroaches (D:1)
  A goblin (D:1)
  3 hobgoblins (D:1)
  3 jackals (D:1)
  4 kobolds
  2 quokkas (D:1)
  2 bats (D:1)
  2 rats (D:1)
30 creatures vanquished.

Notes
Turn   | Place    | Note
-------+----------+-------------------------------------------
     0 | D:1      | lonewolfV2 the Gargoyle Fighter began the quest for the
                  | Orb.
     0 | D:1      | Reached XP level 1. HP: 14/14 MP: 1/1
   129 | D:1      | Reached XP level 2. HP: 15/19 MP: 2/2
   668 | D:1      | Reached XP level 3. HP: 22/24 MP: 3/3
   756 | D:1      | Found a faded altar of an unknown god.
  1148 | D:1      | Identified a scroll of acquirement
  1148 | D:1      | Acquired a manual of Shields
  1314 | D:2      | Reached skill level 4 in Shields
  1314 | D:2      | Reached XP level 4. HP: 10/29 MP: 4/4
  1316 | D:2      | Slain by a gnoll

Illustrated notes

Levels and vault maps discovered:
D:1:      lemuel_arrival_room, layout_basic, ebering_ecumenical_altar_box
D:2:      layout_loops_ring, serial_rivers, chequers_serial_rivers_micro_e,
          chequers_serial_rivers_micro_b, chequers_serial_rivers_small_3,
          chequers_serial_rivers_micro_c, chequers_serial_rivers_micro_d,
          basic_altar

Skill      XL: |  1  2  3 |
---------------+----------+-----
Shields        | 4 |  4.0
Fighting       | |  3.8
Maces & Flails | |  2.7
Armour         | |  3.9

Action                   |  1- 3 |  4- 6 || total
-------------------------+-------+-------++-------
Melee: Flail             |   107 |     3 ||   110
  Use: Scroll            |     3 |       ||     3
Armor: Scale mail        |    57 |     1 ||    58
Dodge: Dodged            |    74 |     3 ||    77
Block: Buckler           |    19 |       ||    19
